 Dungeon Crawl Stone Soup version 0.30-a0-4-ga7cffc901d (webtiles) character file.

Game seed: 13314932800913745966

30 Setbun the Sneak (level 3, -1/20 HPs)
             Began as a Kobold Enchanter on Aug 20, 2022.
             Slain by a hobgoblin (4 damage)
             ... on level 2 of the Dungeon.
             The game lasted 00:01:19 (2189 turns).

Setbun the Sneak (Kobold Enchanter)                 Turns: 2189, Time: 00:01:20

Health: -1/20      AC:  2    Str:  5    XL:     3   Next: 35%
Magic:  6/6        EV: 15    Int: 16    God:
Gold:   151        SH:  0    Dex: 17    Spells: 4/6 levels left

rFire   . . .      SeeInvis .    a - +1 dagger
rCold   . . .      Faith    .    (no shield)
rNeg    . . .      Spirit   .    b - +0 robe
rPois   .          Reflect  .    (no helmet)
rElec   .          Harm     .    (no cloak)
rCorr   .          Rampage  .    (no gloves)
Will    .....                    (no boots)
Stlth   ++++......               (no amulet)
HPRegen 0.06/turn                (no ring)
MPRegen 0.10/turn                (no ring)

@: no status effects
A: small, no large weapons, nightstalker 3
a: no special abilities


You were on level 2 of the Dungeon.
You visited 1 branch of the dungeon, and saw 2 of its levels.

You collected 151 gold pieces.

Inventory:

Hand Weapons
 a - a +1 dagger (weapon)
Armour
 b - a +0 robe (worn)
Scrolls
 d - a scroll of summoning {unknown}
 e - a scroll of silence {unknown}
 f - 2 scrolls of blinking {unknown}
 i - 3 scrolls of identify {unknown}
 k - a scroll of immolation {unknown}
Potions
 c - 2 potions of invisibility
 g - 2 potions of mutation {unknown}
 h - a potion of curing {unknown}
 j - 2 potions of cancellation {unknown}
 l - a potion of degeneration {unknown}
 m - a potion of might {unknown}


   Skills:
 + Level 0.9 Fighting
 * Level 2.5 Short Blades
 + Level 2.7 Dodging
 + Level 4.3 Stealth
 + Level 2.4 Spellcasting
 + Level 3.1 Hexes


You had 4 spell levels left.
You knew the following spells:

 Your Spells              Type           Power      Damage    Failure   Level
a - Ensorcelled Hibernat  Hex/Ice        14%        N/A       16%         2

Your spell library contained the following spells:

 Spells                   Type           Power      Damage    Failure   Level
 Confusing Touch          Hex            12%        N/A       16%         3
 Tukima's Dance           Hex            12%        N/A       16%         3
 Foxfire                  Conj/Fire      4%         2x1d4     21%         1
 Dazzling Flash           Conj/Hex       14%        N/A       30%         3
 Inner Flame              Hex/Fire       7%         N/A       30%         3
 Conjure Flame            Conj/Fire      1%         6-21      52%         3
 Ozocubu's Armour         Ice            1%         N/A       52%         3
 Flame Wave               Conj/Fire      1%         2d4       89%         4
 Metabolic Englaciation   Hex/Ice        3%         N/A       96%         5
 Simulacrum               Ice/Necr       0%         N/A       100%        6


Dungeon Overview and Level Annotations

Branches:
Dungeon (2/15)

Altars:


Innate Abilities, Weirdness & Mutations

You are small and have problems with some larger weapons.
You are completely attuned to the shadows.


Message History

You closely miss the goblin.
The goblin is severely wounded.
The hobgoblin completely misses you. The goblin misses you.
You hit the goblin.
You kill the goblin!
You hit the hobgoblin but do no damage. The hobgoblin completely misses you.
You hit the endoplasm but do no damage. The hobgoblin hits you.
The endoplasm freezes you.
You are frozen.
You are too injured to fight recklessly!
You are too injured to fight recklessly!
You are too injured to fight recklessly!
You are too injured to fight recklessly!
You are too injured to fight recklessly!
You are too injured to fight recklessly!
You are too injured to fight recklessly!
You are too injured to fight recklessly!
You are too injured to fight recklessly!
You are too injured to fight recklessly!
You are too injured to fight recklessly!
You are too injured to fight recklessly!
There are monsters nearby!
You hit the endoplasm.
The endoplasm is moderately wounded.
The hobgoblin hits you.
* * * LOW HITPOINT WARNING * * *
The endoplasm closely misses you.
You hit the endoplasm.
The endoplasm is heavily wounded.
The hobgoblin hits you.
* * * LOW HITPOINT WARNING * * *
The endoplasm misses you.
You hit the endoplasm.
The endoplasm is almost dead.
The hobgoblin barely misses you.
The endoplasm hits you but does no damage.
You hit the endoplasm.
You kill the endoplasm!
The hobgoblin hits you.
You die...

# #.# #
#.# #
#.# #
#####.#
#
#.....##
#
.......#
####
.#####.#
..>.
#.#g#.#
###.
#.)@..#
#.#!#.#
# ###.#
..# .#


You could see a hobgoblin.

Vanquished Creatures
  A worm (D:2)
  7 bats
  3 endoplasms
  3 goblins
  3 hobgoblins (D:2)
  3 ball pythons
  2 frilled lizards (D:1)
  3 kobolds
  3 rats
28 creatures vanquished.

Notes
Turn   | Place    | Note
-------+----------+-------------------------------------------
     0 | D:1      | Setbun the Kobold Enchanter began the quest for the Orb.
     0 | D:1      | Reached XP level 1. HP: 10/10 MP: 3/3
   509 | D:1      | Reached XP level 2. HP: 14/16 MP: 5/5
   686 | D:1      | Learned a level 2 spell: Ensorcelled Hibernation
  1818 | D:2      | Reached XP level 3. HP: 20/20 MP: 6/6
  2189 | D:2      | Slain by a hobgoblin

Illustrated notes

Levels and vault maps discovered:
D:1:      elethiomel_arrival_fortress_basement, layout_basic
D:2:      layout_loops_ring, minmay_split_cup_small

Skill      XL: |  1  2 |
---------------+-------+-----
Short Blades   | 2 |  2.5
Fighting       | |  0.9
Dodging        | |  2.7
Stealth        | |  4.3
Spellcasting   | |  2.4
Hexes          | |  3.1

Action                   || total
-------------------------++-------
Melee: Dagger            ||    79
       Punch             ||     1
 Stab: Sleeping          ||    15
Armor: Robe              ||    15
Dodge: Dodged            ||    69

Table legend: (Time is in decaauts)
 A = Elapsed time spent in this place.
 B = Non-inter-level travel time spent in this place.
 C = Inter-level travel time spent in this place.
 D = Time resting spent in this place.
 E = Time spent auto-exploring this place.
 F = Levels seen in this place.
 G = Mean time per level.
                   A        B        C        D        E       F      G
               +--------+--------+--------+--------+--------+-----+--------+
         Total |   2180 |   2129 |     51 |    544 |   1366 |   2 | 1090.0 |
       Dungeon |   2180 |   2129 |     51 |    544 |   1366 |   2 | 1090.0 |
               +--------+--------+--------+--------+--------+-----+--------+

Top non-repeatable levels by time:
     D:2: 1102 daAuts
     D:1: 1078 daAuts
